[Event "Titled Tuesday Blitz March 28 Late 2023"]
[White "Maghsoodloo, Parham"]
[Black "Firouzja, Alireza"]
[WhiteFideId "12539929"]
[BlackFideId "12573981"]
[WhiteElo "2647"]
[BlackElo "2904"]
[Result "0-1"]
[Round "08"]
[TimeControl "180+2"]
[Date "2023.03.28"]
[WhiteClock "0:00:01"]
[BlackClock "0:00:03"]

1. e4 c5 2. Nf3 d6 3. d4 cxd4 4. Nxd4 Nf6 5. Nc3 a6 6. Bg5 Nbd7 7. Qe2 e6 8. O-O-O Qc7 9. f4 b5 10. a3 Rb8 11. Qe1 Be7 12. Bd3 Bb7 13. Rf1 Ba8 14. Nb3 Bc6 15. g4 h6 16. Bh4 g5 17. fxg5 hxg5 18. Bxg5 Nxg4 19. Bxe7 Kxe7 20. Nd5+ Bxd5 21. exd5 Nde5 22. dxe6 fxe6 23. Kb1 Rxh2 24. Rd2 Rbh8 25. Rxh2 Rxh2 26. Qg3 Nxd3 27. Qxd3 Qc4 28. Rc1 Qxd3 29. cxd3 Kd7 30. Rg1 Ne5 31. Rg7+ Kc6 32. Rg3 Kd5 33. Rg5 Kc6 34. Nd4+ Kb6 35. Rg3 Rh6 36. b4 Nc6 37. Nxc6 Kxc6 38. Kc2 Kd5 39. Rg8 Rh2+ 40. Kc3 e5 41. Ra8 Rh3 42. Kc2 Kd4 43. Rxa6 d5 44. a4 bxa4 45. Rxa4 Rh2+ 46. Kb3 Kxd3 47. b5 e4 48. b6 Rh8 49. Kb4 e3 50. Kc5 e2 51. Ra1 Rb8 52. Ra3+ Ke4 0-1


[Site "https://www.chess.com"]

[Event "Titled Tuesday Blitz March 28 Late 2023"]
[White "Paravyan, David"]
[Black "Fedoseev, Vladimir"]
[WhiteFideId "4194985"]
[BlackFideId "24130737"]
[WhiteElo "2577"]
[BlackElo "2752"]
[Result "1-0"]
[Round "08"]
[TimeControl "180+2"]
[Date "2023.03.28"]
[WhiteClock "0:00:13"]
[BlackClock "0:00:01"]

1. e4 c5 2. Nf3 Nc6 3. d4 cxd4 4. Nxd4 Nf6 5. Nc3 e6 6. Nxc6 bxc6 7. e5 Nd5 8. Ne4 Bb7 9. c4 Nb4 10. Bg5 Qc7 11. Nd6+ Bxd6 12. exd6 Qa5 13. Bd2 Qe5+ 14. Be2 c5 15. Bc3 Qg5 16. Bf3 Bxf3 17. Qxf3 O-O 18. O-O Rab8 19. a3 Nc6 20. b4 Rfc8 21. Rfd1 f6 22. b5 Ne5 23. Bxe5 Qxe5 24. a4 Rb6 25. Qe3 Qxe3 26. fxe3 a5 27. e4 Kf7 28. Kf2 h5 29. h4 e5 30. Rd5 Ke6 31. Rad1 g6 32. Kf3 Kf7 33. g4 Ke6 34. gxh5 gxh5 35. R1d2 Kf7 36. Rg2 Rbb8 37. Rg3 Rb6 38. Rg1 Rbb8 39. Rg2 Rb6 40. Rg1 Rbb8 41. Rg3 Rb6 42. Rd1 Ke6 43. Rg6 Rh8 44. Rd5 Kf7 45. Rg2 Rc8 46. Rg3 Rbb8 47. Rd1 Rb6 48. Rg2 Ke6 49. Rg7 Rxd6 50. Rxd6+ Kxd6 51. Rh7 Rg8 52. Rxh5 Rg1 53. Rh8 Rc1 54. h5 Rxc4 55. h6 f5 56. h7 1-0


[Site "https://www.chess.com"]

[Event "Titled Tuesday Blitz March 28 Late 2023"]
[White "Svane, Rasmus"]
[Black "Durarbayli, Vasif"]
[WhiteFideId "4657101"]
[BlackFideId "13402935"]
[WhiteElo "2597"]
[BlackElo "2543"]
[Result "0-1"]
[Round "08"]
[TimeControl "180+2"]
[Date "2023.03.28"]
[WhiteClock "0:00:03"]
[BlackClock "0:00:13"]

1. Nf3 c5 2. c4 Nf6 3. Nc3 e6 4. e3 Nc6 5. d4 d5 6. a3 dxc4 7. Bxc4 cxd4 8. exd4 Be7 9. O-O O-O 10. Re1 Nd5 11. Qd3 Bf6 12. Bb3 Nce7 13. Ne4 Bd7 14. h4 Bc6 15. Neg5 g6 16. Bd2 Nf5 17. h5 Re8 18. hxg6 hxg6 19. Rad1 Nc7 20. Bf4 Bxf3 21. Nxf3 Nd5 22. Bd2 Kg7 23. Ne5 Rh8 24. Bc3 Bxe5 25. Rxe5 Qh4 26. Qh3 Qxh3 27. gxh3 Nxc3 28. bxc3 Rxh3 29. d5 Rxc3 30. Rb1 Kf6 31. Re4 e5 32. Bd1 Nd6 33. Ra4 b6 34. Kf1 e4 35. Rxb6 axb6 36. Rxa8 Rd3 37. Be2 Rxd5 38. Rb8 b5 39. Rb6 Ke5 40. Ke1 f5 41. Bd1 g5 42. Bb3 Rd3 43. Bg8 Rxa3 44. Rb8 Rd3 45. Bh7 Kf4 46. Ke2 g4 47. Bg6 g3 48. fxg3+ Rxg3 49. Bh7 Rg2+ 50. Kf1 Rh2 51. Bg8 Kf3 52. Rb6 Rh1# 0-1


[Site "https://www.chess.com"]

[Event "Titled Tuesday Blitz March 28 Late 2023"]
[White "Terry, Renato"]
[Black "Martinez Alcantara, Jose Eduardo"]
[WhiteFideId "3803457"]
[BlackFideId "3805662"]
[WhiteElo "2579"]
[BlackElo "2712"]
[Result "0-1"]
[Round "08"]
[TimeControl "180+2"]
[Date "2023.03.28"]
[WhiteClock "0:00:01"]
[BlackClock "0:01:28"]

1. b4 Nf6 2. Bb2 g6 3. g4 Bg7 4. g5 Nh5 5. d4 e6 6. Nf3 Qe7 7. a3 d6 8. e3 O-O 9. Be2 Nd7 10. h4 e5 11. Nbd2 b6 12. c4 Bb7 13. d5 c6 14. Qb3 a6 15. Ne4 b5 16. c5 cxd5 17. Nxd6 Bc6 18. Rd1 d4 19. O-O Kh8 20. exd4 Nf4 21. Rfe1 e4 0-1


[Site "https://www.chess.com"]

[Event "Titled Tuesday Blitz March 28 Late 2023"]
[White "Bortnyk, Mykola"]
[Black "Andreikin, Dmitry"]
[WhiteFideId "14120836"]
[BlackFideId "4158814"]
[WhiteElo "2582"]
[BlackElo "2736"]
[Result "0-1"]
[Round "08"]
[TimeControl "180+2"]
[Date "2023.03.28"]
[WhiteClock "0:00:37"]
[BlackClock "0:00:34"]

1. e4 e6 2. Qe2 Nc6 3. Nf3 g5 4. h3 Bg7 5. c3 h6 6. d4 Nge7 7. Nbd2 Ng6 8. g3 b6 9. Bg2 a5 10. Qe3 Ba6 11. Bf1 Qc8 12. Be2 Bxe2 13. Qxe2 O-O 14. h4 g4 15. Nh2 f5 16. h5 Nge7 17. f3 Nxd4 18. cxd4 Nc6 19. O-O Nxd4 20. Qd3 Qe8 21. exf5 exf5 22. fxg4 fxg4 23. Rxf8+ Kxf8 24. Nb3 Qe1+ 25. Kg2 Nxb3 26. axb3 Re8 27. Qf1+ Qxf1+ 28. Kxf1 Re5 29. Nxg4 Rxh5 30. Bf4 Rh1+ 0-1


[Site "https://www.chess.com"]

[Event "Titled Tuesday Blitz March 28 Late 2023"]
[White "Lazavik, Denis"]
[Black "Fressinet, Laurent"]
[WhiteFideId "13515110"]
[BlackFideId "608742"]
[WhiteElo "2560"]
[BlackElo "2633"]
[Result "1-0"]
[Round "08"]
[TimeControl "180+2"]
[Date "2023.03.28"]
[WhiteClock "0:00:58"]
[BlackClock "0:00:02"]

1. d4 Nf6 2. c4 e6 3. Nf3 d5 4. g3 Bb4+ 5. Bd2 Be7 6. Bg2 Nbd7 7. O-O O-O 8. Qc2 a5 9. Bf4 c6 10. Rd1 a4 11. Ne5 Qa5 12. Nxd7 Nxd7 13. Nd2 b5 14. c5 b4 15. e4 Ba6 16. Re1 Nf6 17. e5 Ne8 18. h4 Nc7 19. h5 Nb5 20. Nf3 a3 21. b3 Qd8 22. h6 g6 23. Qd2 Nc3 24. Qe3 Ne4 25. Qc1 Nc3 26. Qc2 Rb8 27. Nh2 f5 28. exf6 Bxf6 29. Bxb8 Qxb8 30. Nf3 Qc8 31. Bh3 Re8 32. Re3 Ne4 33. Rxe4 dxe4 34. Qxe4 Qd7 35. Re1 Bc8 36. Ne5 Qd5 37. Nxc6 Qh5 38. Bg4 Qxh6 39. Nxb4 Qd2 40. Nc2 Kg7 41. Re2 Qc1+ 42. Kg2 Re7 43. c6 Qb2 44. Qd3 Qc1 45. d5 h5 46. d6 hxg4 47. dxe7 Bxe7 48. Nd4 1-0


[Site "https://www.chess.com"]

[Event "Titled Tuesday Blitz March 28 Late 2023"]
[White "Grigoriants, Sergey"]
[Black "Bluebaum, Matthias"]
[WhiteFideId "4130804"]
[BlackFideId "24651516"]
[WhiteElo "2502"]
[BlackElo "2638"]
[Result "1/2-1/2"]
[Round "08"]
[TimeControl "180+2"]
[Date "2023.03.28"]
[WhiteClock "0:00:05"]
[BlackClock "0:00:07"]

1. d4 d5 2. c4 e6 3. Nc3 Bb4 4. e3 Nf6 5. Bd3 dxc4 6. Bxc4 O-O 7. Nf3 c5 8. O-O a6 9. Bd3 cxd4 10. exd4 Nc6 11. Bg5 Be7 12. Rc1 h6 13. Bf4 Bd6 14. Bxd6 Qxd6 15. Ne4 Nxe4 16. Bxe4 Bd7 17. d5 exd5 18. Qxd5 Qe7 19. Rfe1 Be6 20. Qc5 Qf6 21. Bd5 Bxd5 22. Qxd5 Rad8 23. Qb3 Rd7 24. Rcd1 Rfd8 25. Rxd7 Rxd7 26. h3 g6 27. a3 Kg7 28. Qb6 g5 29. b4 h5 30. Qc5 g4 31. hxg4 hxg4 32. Ne5 Re7 33. Nd3 Rxe1+ 34. Nxe1 Nd4 35. Nd3 Ne2+ 36. Kf1 Ng3+ 37. Kg1 Qa1+ 38. Kh2 Nf1+ 39. Kg1 Nd2+ 40. Kh2 Nf1+ 41. Kg1 Nd2+ 42. Kh2 Qf6 43. Qe5 Nc4 44. Qe4 Qh4+ 45. Kg1 Nd6 46. Qd4+ Qf6 47. Qxg4+ Kf8 48. Qf4 Qxf4 49. Nxf4 Nc4 50. a4 b6 51. Nd5 Ke8 52. Nc7+ Kd7 53. Nxa6 Nb2 54. a5 bxa5 55. bxa5 Nc4 56. Nb4 Nxa5 57. Kh2 Nc4 58. Kg3 Ke6 59. Kf4 Ne5 60. Nc2 Ng6+ 61. Ke4 Kf6 62. g3 Ne5 63. Ne3 Nd7 64. Nd5+ Ke6 65. Nf4+ Kf6 66. g4 Kg5 67. f3 Nf6+ 68. Ke3 Nxg4+ 69. fxg4 Kxg4 70. Ke4 Kg5 71. Ke5 f6+ 72. Ke4 Kg4 73. Nd5 f5+ 74. Ke5 Kg5 75. Nf4 Kg4 76. Ne6 f4 77. Nxf4 1/2-1/2


[Site "https://www.chess.com"]

[Event "Titled Tuesday Blitz March 28 Late 2023"]
[White "Sarana, Alexey"]
[Black "Rustemov, Alexander"]
[WhiteFideId "24133795"]
[BlackFideId "4119002"]
[WhiteElo "2714"]
[BlackElo "2887"]
[Result "1-0"]
[Round "08"]
[TimeControl "180+2"]
[Date "2023.03.28"]
[WhiteClock "0:00:09"]
[BlackClock "0:00:02"]

1. d4 d5 2. c4 dxc4 3. Nf3 e6 4. e3 a6 5. Bxc4 c5 6. Nc3 b5 7. Bb3 Nf6 8. e4 c4 9. Bc2 Bb7 10. O-O Be7 11. Qe2 Nbd7 12. Rd1 O-O 13. Bg5 Rc8 14. Rac1 Re8 15. Bb1 Nf8 16. Ne5 N6d7 17. Bf4 Nxe5 18. Bxe5 Ng6 19. Bg3 Bg5 20. Rc2 Bf4 21. Qg4 Qg5 22. Qf3 Bxg3 23. hxg3 Red8 24. Re2 Rd7 25. Red2 Rcd8 26. d5 Qe7 27. Qh5 b4 28. Na4 exd5 29. exd5 Qd6 30. Rd4 Rc7 31. Rh4 h6 32. Rhd4 c3 33. Qe2 Rdc8 34. bxc3 bxc3 35. Bc2 Ne5 36. Rb1 Nc4 37. Rxb7 Rxb7 38. Rxc4 Rxc4 39. Qxc4 Rc7 40. Qd3 g6 41. Nxc3 Qe5 42. Ne2 Qa1+ 43. Kh2 Qxa2 44. d6 Rd7 45. Bb3 Rxd6 46. Qf3 Rf6 47. Qa8+ 1-0


[Site "https://www.chess.com"]

[Event "Titled Tuesday Blitz March 28 Late 2023"]
[White "Kramnik, Vladimir"]
[Black "Costachi, Mihnea"]
[WhiteFideId "4101588"]
[BlackFideId "1217518"]
[WhiteElo "2712"]
[BlackElo "2456"]
[Result "1/2-1/2"]
[Round "08"]
[TimeControl "180+2"]
[Date "2023.03.28"]
[WhiteClock "0:00:15"]
[BlackClock "0:00:07"]

1. c4 Nf6 2. Nc3 g6 3. g3 Bg7 4. Bg2 O-O 5. d3 d6 6. e3 e5 7. Nge2 c6 8. e4 Be6 9. O-O d5 10. exd5 cxd5 11. Bg5 dxc4 12. d4 Nbd7 13. Bxb7 Rb8 14. Bg2 Rxb2 15. Qc1 Rb8 16. Rd1 Qb6 17. h3 exd4 18. Nxd4 Nc5 19. Rb1 Qa6 20. Rxb8 Rxb8 21. Bxf6 Bxf6 22. Qf4 Nd7 23. Nxe6 Qxe6 24. Rxd7 Be5 25. Qe3 Bxc3 26. Qxe6 fxe6 27. Bf1 Rc8 28. Be2 e5 29. Bg4 Rc6 30. Bf3 Rc5 31. Rxa7 Bd4 32. Be4 c3 33. Bc2 Rb5 34. Ra8+ Kg7 35. Bb3 Rc5 36. Rg8+ Kf6 37. Bc2 Rb5 38. Bb3 Rc5 39. Bc2 Rb5 40. Bb3 Rc5 1/2-1/2


[Site "https://www.chess.com"]

[Event "Titled Tuesday Blitz March 28 Late 2023"]
[White "Sjugirov, Sanan"]
[Black "Ozates, Tuna"]
[WhiteFideId "4189302"]
[BlackFideId "6354521"]
[WhiteElo "2569"]
[BlackElo "2151"]
[Result "1-0"]
[Round "08"]
[TimeControl "180+2"]
[Date "2023.03.28"]
[WhiteClock "0:00:21"]
[BlackClock "0:00:02"]

1. e4 c5 2. Nf3 Nc6 3. Bb5 g6 4. Bxc6 bxc6 5. O-O Bg7 6. Re1 Nh6 7. c3 O-O 8. d3 d6 9. h3 e5 10. d4 cxd4 11. cxd4 f6 12. Nc3 Nf7 13. Be3 Qe7 14. Qc2 Bd7 15. Rad1 a5 16. b3 f5 17. dxe5 Nxe5 18. Nxe5 Bxe5 19. f4 Bxc3 20. Qxc3 fxe4 21. Bc1 d5 22. Bb2 Kf7 23. Re2 Ke8 24. Qc1 a4 25. Ba3 Qf6 26. Bxf8 Qxf8 27. Qe3 axb3 28. axb3 Rb8 29. Ra2 Qb4 30. Kh1 Qxb3 31. Qd2 e3 32. Re1 d4 33. Qxd4 Qxa2 34. Qe5+ Kf7 35. Qxb8 e2 36. Qe5 Qd5 37. Qxe2 Bxh3 38. Qe8+ Kg7 39. Re7+ Kh6 40. Qf8+ Kh5 41. Re5+ 1-0


[Site "https://www.chess.com"]

[Event "Titled Tuesday Blitz March 28 Late 2023"]
[White "Ozer, Omer Faruk"]
[Black "Kollars, Dmitrij"]
[WhiteFideId "6354564"]
[BlackFideId "12909572"]
[WhiteElo "2260"]
[BlackElo "2584"]
[Result "1-0"]
[Round "08"]
[TimeControl "180+2"]
[Date "2023.03.28"]
[WhiteClock "0:00:20"]
[BlackClock "0:00:02"]

1. d4 Nf6 2. Nf3 g6 3. Bg5 Bg7 4. Nbd2 O-O 5. e4 d5 6. exd5 Nxd5 7. c3 c5 8. dxc5 Nd7 9. c6 bxc6 10. Nb3 a5 11. Bc4 a4 12. Nbd4 Bb7 13. a3 h6 14. Bh4 Qb6 15. O-O e5 16. Nc2 Nc5 17. Nb4 Nf4 18. Bg3 Ne4 19. Bxf4 exf4 20. Qc2 Nd6 21. Ba2 Nf5 22. Rad1 Rfd8 23. Rxd8+ Rxd8 24. Rd1 Rxd1+ 25. Qxd1 c5 26. Nd3 Be4 27. Nde5 Nd6 28. Qd2 g5 29. h3 Bxf3 30. Nxf3 c4 31. Bb1 Qc5 32. Bc2 Qc6 33. Qd1 Qb6 34. Bxa4 Ne4 35. Qe2 Nc5 36. Qxc4 Nxa4 37. Qxa4 Qxb2 38. Qe8+ Bf8 39. Ne5 Qb7 40. Nd7 Kh7 41. Qxf7+ Bg7 42. Nf6+ 1-0


[Site "https://www.chess.com"]

[Event "Titled Tuesday Blitz March 28 Late 2023"]
[White "Mendonca, Leon Luke"]
[Black "Duda, Jan-Krzysztof"]
[WhiteFideId "35028561"]
[BlackFideId "1170546"]
[WhiteElo "2464"]
[BlackElo "2790"]
[Result "0-1"]
[Round "08"]
[TimeControl "180+2"]
[Date "2023.03.28"]
[WhiteClock "0:00:01"]
[BlackClock "0:01:55"]

1. e4 e5 2. Nf3 Nc6 3. Bc4 Bc5 4. d3 Nf6 5. c3 O-O 6. O-O d5 7. exd5 Nxd5 8. b4 Be7 9. Re1 Bf6 10. Qb3 Ndxb4 11. Ba3 Nxd3 12. Rd1 e4 13. Bxf8 Qxf8 14. Bxd3 exf3 15. g3 g5 16. Nd2 g4 17. Ne4 Be7 18. Bf1 Rb8 19. Qd5 Qh6 20. Qd2 Qxd2 21. Rxd2 f5 22. Re1 fxe4 23. Rxe4 Bf5 24. Re1 Rd8 25. Rxd8+ Bxd8 26. Rd1 Bf6 27. Rd5 Be6 28. Rh5 Ne5 29. h3 Kg7 30. hxg4 Bxg4 31. Rh1 h5 32. Kh2 c6 33. Bh3 Nd3 0-1


[Site "https://www.chess.com"]

[Event "Titled Tuesday Blitz March 28 Late 2023"]
[White "Melkumyan, Hrant"]
[Black "Anton Guijarro, David"]
[WhiteFideId "13302485"]
[BlackFideId "2285525"]
[WhiteElo "2604"]
[BlackElo "2618"]
[Result "0-1"]
[Round "08"]
[TimeControl "180+2"]
[Date "2023.03.28"]
[WhiteClock "0:00:02"]
[BlackClock "0:00:04"]

1. d4 Nf6 2. c4 g6 3. Nc3 Bg7 4. e4 d6 5. Be2 O-O 6. h4 h5 7. Nf3 c5 8. d5 e6 9. O-O exd5 10. cxd5 a6 11. a4 Bg4 12. Ng5 Bxe2 13. Qxe2 Re8 14. Bf4 Nh7 15. Qf3 Nxg5 16. Bxg5 Qc7 17. Bf6 Bxf6 18. Qxf6 Nd7 19. Qg5 Qd8 20. Qg3 Ne5 21. Rfe1 c4 22. Re2 b5 23. Nd1 b4 24. Ne3 Rc8 25. Rd1 c3 26. bxc3 Rxc3 27. Kh1 b3 28. f3 b2 29. Qe1 Rb3 30. Rb1 Nd3 31. Qd1 Qxh4+ 32. Kg1 Rc3 33. Nf1 Rec8 34. Qd2 Qf6 35. Rxb2 Nxb2 36. Qxb2 Kg7 37. Ne3 Rc1+ 38. Kf2 Ra1 39. g4 Qxb2 40. Rxb2 h4 41. g5 h3 42. Ng4 Rh8 43. Kg3 Rg1+ 44. Kh2 Rg2+ 45. Rxg2 hxg2+ 46. Kxg2 Rb8 47. Ne3 Rb4 48. a5 Ra4 49. Kf2 Kf8 50. Ke2 Rxa5 51. Nc4 Ra2+ 52. Kd3 Ke7 53. f4 Rf2 54. e5 Rxf4 55. Nxd6 a5 56. Nc8+ Kd8 57. Nd6 a4 58. Kc3 a3 59. Kb3 Rf3+ 60. Ka2 Ke7 61. Ne4 Re3 62. d6+ Kd8 63. Nf6 Rxe5 64. Kxa3 Rxg5 65. Kb4 Rf5 66. Nh7 Kd7 0-1


[Site "https://www.chess.com"]

[Event "Titled Tuesday Blitz March 28 Late 2023"]
[White "Drygalov, Andrey"]
[Black "Smirnov, Pavel"]
[WhiteFideId "24171735"]
[BlackFideId "4123425"]
[WhiteElo "2471"]
[BlackElo "2519"]
[Result "1-0"]
[Round "08"]
[TimeControl "180+2"]
[Date "2023.03.28"]
[WhiteClock "0:00:27"]
[BlackClock "0:00:26"]

1. e4 e5 2. Nf3 Nc6 3. Bc4 Nf6 4. d3 Bc5 5. O-O O-O 6. Re1 h6 7. h3 d6 8. c3 a6 9. a4 a5 10. Nbd2 Be6 11. b3 Re8 12. Nf1 d5 13. exd5 Nxd5 14. Bd2 Qf6 15. Ng3 Bb6 16. Ne4 Qe7 17. Ng3 Rad8 18. Qc1 Qf6 19. Qd1 Nf4 20. Bxf4 Qxf4 21. Nh5 Qf5 22. g4 Qg6 23. Nxe5 Nxe5 24. Rxe5 Bxc4 25. Rxe8+ Rxe8 26. bxc4 Qe6 27. Qf3 Qe2 28. Qxe2 Rxe2 29. d4 Rc2 30. Rb1 Rxc3 31. c5 Bxc5 32. dxc5 Rxc5 33. Rxb7 Rc4 34. Kg2 Rxa4 35. Rxc7 Ra2 36. Rc8+ Kh7 37. Ra8 a4 38. Ng3 a3 39. Ne4 Kg6 40. h4 h5 41. Ra6+ f6 42. g5 Kf5 43. Ng3+ Kg6 44. gxf6 gxf6 45. Ra5 Ra1 46. Nxh5 a2 47. Nf4+ Kf7 48. Ne2 Kg7 49. Nc3 1-0


[Site "https://www.chess.com"]

[Event "Titled Tuesday Blitz March 28 Late 2023"]
[White "Deac, Bogdan-Daniel"]
[Black "Horvath, Dominik"]
[WhiteFideId "1226380"]
[BlackFideId "1642561"]
[WhiteElo "2649"]
[BlackElo "2407"]
[Result "1/2-1/2"]
[Round "08"]
[TimeControl "180+2"]
[Date "2023.03.28"]
[WhiteClock "0:00:05"]
[BlackClock "0:00:07"]

1. b3 a5 2. Nc3 g6 3. e4 Bg7 4. Bb2 d6 5. d4 Nf6 6. h3 O-O 7. Nf3 Nc6 8. Bb5 Na7 9. Bd3 Nh5 10. Ne2 c5 11. c3 Nc6 12. O-O b6 13. Qd2 e5 14. Bb5 Bb7 15. dxc5 bxc5 16. Rad1 Qb6 17. Bc4 Rad8 18. Qe3 Ne7 19. Ng3 Nf4 20. Rfe1 Bh6 21. Kh1 Kg7 22. Bc1 Ng8 23. Nh4 Bc8 24. Qf3 Be6 25. Bxf4 Bxf4 26. Ne2 Bg5 27. Bxe6 fxe6 28. Qg3 Bxh4 29. Qxh4 c4 30. f4 cxb3 31. axb3 exf4 32. Nxf4 Rde8 33. e5 d5 34. c4 Nh6 35. cxd5 Nf5 36. Qg4 exd5 37. Nxd5 Qxb3 38. e6 a4 39. e7 Rf7 40. Kh2 a3 41. Qf4 Qb2 42. Rb1 Qd4 43. Qxd4+ Nxd4 44. Rbd1 Nc6 45. Ra1 Rf5 46. Nc7 Rxe7 47. Rxe7+ Nxe7 48. Rxa3 Kf7 49. Na6 Nd5 50. Nc5 Rf2 51. Ne4 Rb2 52. Ra7+ Ke6 53. Rxh7 Nf4 54. Kg3 Nxg2 55. h4 Ne3 56. Ng5+ Kd5 57. Rd7+ Kc6 58. Rd8 Nf5+ 59. Kf4 Rb4+ 60. Ke5 Nxh4 61. Ne6 Nf3+ 62. Kf6 g5 63. Rc8+ Kb7 64. Rg8 Rb6 65. Kf5 Nh4+ 66. Kxg5 Rxe6 67. Kxh4 Rc6 68. Rg4 Kb6 69. Rg5 Rc5 70. Kh5 Rxg5+ 71. Kxg5 1/2-1/2


[Site "https://www.chess.com"]

[Event "Titled Tuesday Blitz March 28 Late 2023"]
[White "Wagner, Dennis"]
[Black "Svane, Frederik"]
[WhiteFideId "24650684"]
[BlackFideId "12923044"]
[WhiteElo "2470"]
[BlackElo "2502"]
[Result "1-0"]
[Round "08"]
[TimeControl "180+2"]
[Date "2023.03.28"]
[WhiteClock "0:02:30"]
[BlackClock "0:02:08"]

1. d4 Nf6 2. Nf3 e6 3. c4 d5 4. g3 Bb4+ 5. Bd2 a5 6. Bg2 O-O 7. a3 Be7 8. Qc2 c6 9. O-O Nbd7 10. Rc1 b6 11. cxd5 cxd5 12. Bf4 Ba6 13. Nc3 Qc8 14. Qb3 Bc4 15. Qd1 Qb7 16. Nd2 Rac8 17. Nxc4 Rxc4 18. Nxd5 1-0


[Site "https://www.chess.com"]

[Event "Titled Tuesday Blitz March 28 Late 2023"]
[White "Hambleton, Aman"]
[Black "Rasulov, Vugar"]
[WhiteFideId "2606577"]
[BlackFideId "13402390"]
[WhiteElo "2511"]
[BlackElo "2509"]
[Result "0-1"]
[Round "08"]
[TimeControl "180+2"]
[Date "2023.03.28"]
[WhiteClock "0:00:04"]
[BlackClock "0:00:11"]

1. d4 Nf6 2. Bf4 e6 3. e3 Bd6 4. Bxd6 cxd6 5. c4 O-O 6. Nc3 b6 7. d5 Na6 8. g3 exd5 9. Bg2 Nc5 10. Nxd5 Nxd5 11. Bxd5 Rb8 12. Ne2 b5 13. b3 bxc4 14. bxc4 Qa5+ 15. Kf1 Rb2 16. Kg2 Rd2 17. Qf1 Nd3 18. Rd1 Qxa2 19. Rxd2 Qxd2 20. Qd1 Qxd1 21. Rxd1 Nb4 22. Bf3 d5 23. cxd5 Bb7 24. Ra1 a6 25. Nc3 Rc8 26. Na4 Rc2 27. Be4 Rc4 28. Kf3 g6 29. Nb6 Rc7 30. Rb1 a5 31. d6 Bxe4+ 32. Kxe4 Rc6 33. Nd5 Rxd6 34. Nxb4 Rb6 35. Kd4 axb4 36. Kc5 Rc6+ 37. Kd4 Rc2 38. f4 Rxh2 39. g4 h6 40. Rxb4 Kf8 41. Ke4 Ke7 42. Rb7 Rh3 43. Rb1 Rg3 44. Rh1 Rxg4 45. Rxh6 Rg3 46. Kd3 Ke6 47. Rh8 f6 48. Kd4 Rg1 49. Ke4 Rf1 50. Kd3 Rf2 51. Rg8 Kf7 52. Rd8 Ke7 53. Rg8 Rg2 54. Ke4 Rg3 55. Kd3 Kf7 56. Rd8 Ke6 57. Rg8 Kf5 58. Rd8 Rg1 59. Ke2 Ke6 60. Kf2 Ra1 61. Rg8 Kf7 62. Rd8 Rd1 63. Ke2 Rd6 64. Rb8 Rc6 65. Rb7 Ke6 66. Rb8 d5 67. Rg8 Rc2+ 68. Kf3 Kf7 69. Rd8 Rd2 70. Rd6 Ke7 71. Ra6 Rd3 72. Ke2 Rb3 73. Rc6 Rb2+ 74. Kf3 Rb3 75. Ke2 Rb7 76. Ra6 Rd7 77. Kd3 Rd6 78. Ra7+ Ke6 79. Rg7 Kf5 80. Rh7 g5 81. fxg5 fxg5 82. Ke2 Kg4 83. Kd3 Kg3 84. Rg7 g4 85. Kd4 Rd8 86. Rg6 Kf3 87. Rf6+ Kg2 88. Rg6 g3 89. Ke5 Kf3 90. e4 dxe4 91. Rf6+ Ke3 92. Ra6 Re8+ 93. Kf5 Kf3 94. Ra1 g2 95. Ra3+ e3 96. Ra1 Kf2 97. Kg4 g1=Q+ 98. Rxg1 Kxg1 99. Kf3 e2 100. Kg4 e1=Q 101. Kh3 Qf2 102. Kg4 Rg8+ 103. Kh3 Qh2# 0-1


[Site "https://www.chess.com"]

[Event "Titled Tuesday Blitz March 28 Late 2023"]
[White "Flores, Diego"]
[Black "Drygalov, Sergey"]
[WhiteFideId "108049"]
[BlackFideId "24171743"]
[WhiteElo "2606"]
[BlackElo "2533"]
[Result "0-1"]
[Round "08"]
[TimeControl "180+2"]
[Date "2023.03.28"]
[WhiteClock "0:00:16"]
[BlackClock "0:00:19"]

1. c4 e5 2. e3 Nf6 3. Nc3 d5 4. cxd5 Nxd5 5. Nf3 Nc6 6. Bb5 Nxc3 7. bxc3 Bd6 8. d4 Bd7 9. O-O e4 10. Nd2 Qe7 11. Rb1 O-O 12. c4 b6 13. Bb2 a6 14. Ba4 f5 15. c5 bxc5 16. dxc5 Bxc5 17. Nb3 Bd6 18. Qd5+ Qf7 19. Bxc6 Be6 20. Rfd1 Rad8 21. Qa5 Qh5 22. g3 Bxg3 23. hxg3 Rxd1+ 24. Rxd1 Qxd1+ 25. Kh2 Qc2 26. Bd5 Qxf2+ 27. Kh1 Qf1+ 28. Kh2 Qe2+ 29. Kh1 Qd1+ 0-1


[Site "https://www.chess.com"]

[Event "Titled Tuesday Blitz March 28 Late 2023"]
[White "Kovalev, Vladislav"]
[Black "Korchmar, Vasiliy"]
[WhiteFideId "13504398"]
[BlackFideId "24131750"]
[WhiteElo "2555"]
[BlackElo "2370"]
[Result "0-1"]
[Round "08"]
[TimeControl "180+2"]
[Date "2023.03.28"]
[WhiteClock "0:00:01"]
[BlackClock "0:00:03"]

1. e4 c5 2. Nf3 d6 3. d4 cxd4 4. Nxd4 Nf6 5. Nc3 Nc6 6. Bg5 Bd7 7. Bxf6 gxf6 8. Qd2 e6 9. O-O-O a6 10. Kb1 Qb6 11. Nb3 O-O-O 12. f4 Kb8 13. Be2 h5 14. h4 Qf2 15. Rdf1 Qb6 16. Bf3 Be7 17. Qe2 Rh7 18. Bxh5 Rdh8 19. g4 Ka7 20. Rd1 Na5 21. Nxa5 Qxa5 22. Rd3 Bc6 23. Rhd1 Ka8 24. Qe3 Qc7 25. Ne2 f5 26. exf5 exf5 27. Nd4 Bxh4 28. Nxc6 Qxc6 29. Rxd6 Qe4 30. Qxe4 fxe4 31. R6d4 Re8 32. R1d2 e3 33. Re2 Bf2 34. c3 Ka7 35. Kc2 Re7 36. f5 f6 37. Kd3 Rh8 38. a4 Rc8 39. b3 Rc5 40. c4 a5 41. Bg6 Rc6 42. Rd5 Ka6 43. Kd4 Rb6 44. Kc3 Rc6 45. Rb5 Rb6 46. Rxb6+ Kxb6 47. Kd4 Rd7+ 48. Kc3 Kc5 49. Be8 Rd1 50. Bf7 Rc1+ 51. Kd3 Rg1 52. Bd5 b6 53. Bf3 Rg3 54. Ke4 Kb4 55. Kf4 Rg1 0-1


[Site "https://www.chess.com"]

[Event "Titled Tuesday Blitz March 28 Late 2023"]
[White "Javakhadze, Zurab"]
[Black "Mammadov, Zaur"]
[WhiteFideId "13603647"]
[BlackFideId "13401033"]
[WhiteElo "2381"]
[BlackElo "2441"]
[Result "0-1"]
[Round "08"]
[TimeControl "180+2"]
[Date "2023.03.28"]
[WhiteClock "0:01:33"]
[BlackClock "0:00:57"]

1. Nf3 d5 2. g3 Nf6 3. Bg2 g6 4. O-O Bg7 5. c4 c6 6. d4 O-O 7. Qb3 a5 8. cxd5 cxd5 9. Nc3 Nc6 10. Bf4 Bg4 11. Rfd1 Bxf3 12. Bxf3 Qd7 13. Na4 Qf5 14. Qxb7 Nb4 15. Qxe7 Rfe8 16. Qb7 g5 17. Be5 Ng4 18. Bxg7 Kxg7 19. a3 Rxe2 0-1


[Site "https://www.chess.com"]

[Event "Titled Tuesday Blitz March 28 Late 2023"]
[White "Moussard, Jules"]
[Black "Schmakel, Sam"]
[WhiteFideId "642908"]
[BlackFideId "2039311"]
[WhiteElo "2610"]
[BlackElo "2356"]
[Result "1-0"]
[Round "08"]
[TimeControl "180+2"]
[Date "2023.03.28"]
[WhiteClock "0:00:21"]
[BlackClock "0:00:01"]

1. e4 c5 2. Nf3 e6 3. g3 Nf6 4. Qe2 Nc6 5. Bg2 g6 6. O-O Bg7 7. c3 e5 8. d3 O-O 9. Na3 d5 10. Bg5 d4 11. Nc4 h6 12. Bd2 Ne8 13. cxd4 exd4 14. a4 Be6 15. Rfc1 Nd6 16. b3 Nxc4 17. bxc4 Re8 18. h4 f5 19. Nh2 fxe4 20. Bxe4 Bf5 21. f3 Bxe4 22. fxe4 h5 23. Rf1 Ne5 24. a5 Qd7 25. Bf4 Rf8 26. Kg2 b5 27. cxb5 Qxb5 28. Bxe5 Bxe5 29. Nf3 Bg7 30. Ng5 c4 31. dxc4 Qc6 32. Rad1 Rxf1 33. Rxf1 Rb8 34. Qf3 Qxc4 35. e5 Bxe5 36. Rf2 d3 37. Rd2 Rd8 38. a6 Bc3 39. Rd1 d2 40. Ne4 Rf8 41. Qe3 Bg7 42. Rxd2 Qxa6 43. Qb3+ Kh8 44. Ng5 Qc6+ 45. Kh2 a5 46. Qd3 a4 47. Rc2 1-0


[Site "https://www.chess.com"]